 Dungeon Crawl Stone Soup version bcrawl-1.15.1 (webtiles) character file.

Game seed: 5487763372474251354

240 Chiseanne the Covered (level 5, 0/38 HPs)
             Began as a Demonspawn Archaeologist on Sept 27, 2019.
             Was an Initiate of Vehumet.
             Succumbed to a worker ant's poison
             ... on level 4 of the Dungeon.
             The game lasted 00:07:29 (3349 turns).

Chiseanne the Covered (Demonspawn Archaeologist)    Turns: 3349, Time: 00:07:29

Health: 0/38       AC: 11    Str: 12    XL:     5   Next: 80%
Magic:  1/5        EV: 11    Int: 15    God:    Vehumet [......]
Gold:   116        SH:  4    Dex: 12    Spells: 4/4 levels left

rFire    + . .     SeeInvis .   s - +0 hand axe
rCold    . . .     Gourm    .   (no shield)
rNeg     . . .     Faith    .   r - +1 ring mail
rPois    .         Spirit   +   c - +1 hat
rElec    .         Reflect  .   a - +0 cloak
rCorr    .         Harm     .   (no gloves)
MR       .....                  d - +1 pair of boots
Stlth    +.........             (no amulet)
HPRegen  0.12/turn              (no ring)
MPRegen  0.09/turn              (no ring)

@: lethally poisoned (0 -> -8), studying Armour
A: large bone plates 1, fire resistance 1, magic shield
a: Renounce Religion


You were on level 4 of the Dungeon.
You worshipped Vehumet.
Vehumet was noncommittal.
You were hungry.

You visited 1 branch of the dungeon, and saw 4 of its levels.

You collected 116 gold pieces.

Inventory:

Hand Weapons
 s - a +0 hand axe (weapon)
Missiles
 b - 83 arrows
 j - 63 javelins (quivered)
 l - 317 bolts
 m - 183 poisoned needles
 n - 74 tomahawks
 p - 747 stones
Armour
 a - a +0 cloak (worn)
 c - a +1 hat (worn)
 d - a +1 pair of boots (worn)
 r - a +1 ring mail (worn)
Jewellery
 h - an uncursed ring of ice
Scrolls
 k - 3 scrolls of remove curse
 q - 3 scrolls of identify
Books
 e - a manual of Armour
Miscellaneous
 f - an ancient crate
Comestibles
 g - 4 rations {!d}
 i - 9 chunks of flesh


   Skills:
 - Level 2.2 Fighting
   Level 0.8 Maces & Flails
 + Level 6.2 Armour
 - Level 3.3 Dodging
 - Level 3.0 Stealth


You had 4 spell levels left.
You didn't know any spells.
Your spell library was empty.

Dungeon Overview and Level Annotations

Branches:
Dungeon (4/12)
 Temple: D:4-7

Altars:
Cheibriados
Makhleb
Sif Muna
Vehumet

Annotations:
D:3 Terence


Innate Abilities, Weirdness & Mutations

You are partially covered in large bone plates. (SH +4)
Your flesh is heat resistant. (rF+)
When hurt, damage is shared between your health and your magic reserves.


Message History

You feel sick. The jackal misses you. You block the worker ant's attack.
You block the jackal's attack.
You closely miss the worker ant.
The worker ant is heavily wounded.
You hit the jackal.
You kill the jackal!
Vehumet accepts your kill.
* * * LOW HITPOINT WARNING * * *
You feel sick. The worker ant closely misses you.
The worker ant barely misses you.
You hit the worker ant.
The worker ant is severely wounded.
* * * LOW HITPOINT WARNING * * *
You feel sick. The worker ant bites you.
* * * LOW HITPOINT WARNING * * *
The worker ant bites you.
* * * LOW HITPOINT WARNING * * *
You hit the worker ant but do no damage.
The worker ant is severely wounded.
You die...

#...?... #......#
#.....# #.....+
#...a.##### ....
#.........# .....
.....####....#
...... ....
#..#a...# ......
... #..@†...+
...... ..
#+##....#+##......
#
#..................
#[.........<.......
#.........÷........
#..................
#............>.....
#....###########...
.#### ...


You could see a worker ant.

Vanquished Creatures
  A scorpion (D:2)
  An orc wizard (D:3)
  4 gnolls
  7 adders
  2 worms
  A dart slug (D:1)
  3 leopard geckos
  2 orcs (D:3)
  3 giant cockroaches
  5 goblins
  9 hobgoblins
  5 jackals
  A quokka (D:1)
  A ball python (D:3)
  4 bats (D:1)
  2 frilled lizards
  3 kobolds
  5 rats
59 creatures vanquished.

Notes
Turn   | Place    | Note
-------+----------+-------------------------------------------
     0 | D:1      | Chiseanne the Demonspawn Archaeologist began the quest for
                  | the Orb.
     0 | D:1      | Reached XP level 1. HP: 15/15 MP: 1/1
   211 | D:1      | Gained mutation: When hurt, damage is shared between your
                  | health and your magic reserves. [demonic ancestry]
   211 | D:1      | Reached XP level 2. HP: 21/21 MP: 2/2
  1045 | D:1      | Gained mutation: Your flesh is heat resistant. (rF+)
                  | [demonic ancestry]
  1045 | D:1      | Reached XP level 3. HP: 20/27 MP: 3/3
  1134 | D:1      | Reached skill level 1 in Armour
  1233 | D:1      | Reached skill level 2 in Armour
  1404 | D:2      | Reached XP level 4. HP: 33/33 MP: 4/4
  1493 | D:2      | Reached skill level 3 in Armour
  1526 | D:2      | Found a radiant altar of Vehumet.
  1532 | D:2      | Became a worshipper of Vehumet
  1933 | D:2      | HP: 1/33 [scorpion (3)]
  1969 | D:2      | Reached skill level 4 in Armour
  1969 | D:2      | Gained mutation: You are partially covered in large bone
                  | plates. (SH +4) [demonic ancestry]
  1969 | D:2      | Reached XP level 5. HP: 14/38 MP: 2/5
  2251 | D:2      | Reached skill level 5 in Armour
  2314 | D:2      | Found a burning altar of Makhleb.
  2315 | D:2      | Noticed a green death
  2359 | D:2      | Found a shimmering blue altar of Sif Muna.
  2860 | D:3      | Noticed Terence
  2901 | D:3      | Noticed an ogre
  3231 | D:3      | Found a snail-covered altar of Cheibriados.
  3232 | D:3      | Noticed an ogre
  3266 | D:4      | Reached skill level 6 in Armour
  3284 | D:4      | Noticed an ogre
  3348 | D:4      | HP: 1/38 [worker ant (4)]
  3349 | D:4      | Succumbed to a worker ant's poison

Skill      XL: |  1  2  3  4  5 |
---------------+----------------+-----
Dodging        | 3 |  3.3
Fighting       | 2 |  2.2
Armour         | 2 4 6 |  6.2
Maces & Flails | |  0.8
Stealth        | |  3.0

Action                   |  1- 3 |  4- 6 || total
-------------------------+-------+-------++-------
Melee: Whip              |   134 |       ||   134
       Spear             |    15 |    66 ||    81
       Hand axe          |       |   177 ||   177
Throw: Javelin           |     7 |     7 ||    14
  Use: Scroll            |     4 |     2 ||     6
       Potion            |       |     3 ||     3
 Stab: Sleeping          |     1 |     1 ||     2
  Eat: Chunk             |     2 |     6 ||     8
Armor: Robe              |    61 |       ||    61
       Ring mail         |    24 |   131 ||   155
Dodge: Dodged            |   139 |   152 ||   291
Block: Other             |       |    34 ||    34
